3186 views
Uploaded 2019-12-01 21:16:37
Game version 1.32.0.3 / 1.32.0.3.1
45:02 long 4on4 ladder game on (8)MarketSquare
Saved by BEARAND
3186 views
Uploaded 2019-12-01 21:16:37
Game version 1.32.0.3 / 1.32.0.3.1
45:02 long 4on4 ladder game on (8)MarketSquare


108 units @ 8.7k
/ 0.3k
443 buildings @ 23.4k
/ 11.1k


| Staff of Sanctuary | 2 | 500 |
| Scroll of Town Portal | 4 | 1400 |
| Boots of Speed | 2 | 500 |
| Staff of Teleportation | 2 | 300 |
| Circlet of Nobility | 1 | 175 |
| Periapt of Vitality | 1 | 325 |
| Orb of Venom | 2 | 650 |
| Staff of Preservation | 1 | 150 |
| total: | 15 | 4000g |
| Peasant | 14 | 1050 | / | 0 |
| Priest | 1 | 135 | / | 10 |
| Dragonhawk Rider | 7 | 1400 | / | 210 |
| total: | 22 | 2585g | / | 220w |
| Scout Tower | 85 | 2550 | / | 1700 |
| Arcane Tower | 8 | 560 | / | 400 |
| Guard Tower | 30 | 2100 | / | 1500 |
| Altar of Kings | 1 | 180 | / | 50 |
| Farm | 15 | 1200 | / | 300 |
| Lumber Mill | 1 | 120 | / | 0 |
| Arcane Vault | 2 | 260 | / | 60 |
| Blacksmith | 1 | 140 | / | 60 |
| Barracks | 1 | 160 | / | 60 |
| Arcane Sanctum | 1 | 150 | / | 140 |
| Gryphon Aviary | 2 | 280 | / | 300 |
| Keep | 1 | 320 | / | 210 |
| Castle | 1 | 360 | / | 210 |
| total: | 109 | 5040g | / | 2670w |
| 0:26 | Peasant |
| 0:31 | Altar of Kings |
| 0:33 | Farm |
| 0:35 | Peasant |
| 0:37 | Lumber Mill |
| 0:55 | Peasant |
| 1:04 | Peasant |
| 1:06 | Scout Tower |
| 1:10 | Farm |
| 1:22 | Peasant |
| 1:42 | Peasant |
| 1:43 | Arcane Tower |
| 1:50 | Peasant |
| 2:01 | Scout Tower |
| 2:03 | Peasant |
| 2:13 | Scout Tower |
| 2:15 | Peasant |
| 2:32 | Scout Tower |
| 2:33 | Guard Tower |
| 2:52 | Peasant |
| 2:53 | Peasant |
| 2:58 | Scout Tower |
| 2:58 | Guard Tower |
| 3:02 | Scout Tower |
| 3:03 | Peasant |
| 3:06 | Black Arrow |
| 3:25 | Scout Tower |
| 3:27 | Peasant |
| 3:50 | Guard Tower |
| 3:53 | Peasant |
| 4:05 | Arcane Vault |
| 4:06 | Guard Tower |
| 4:23 | Life Drain |
| 4:51 | Keep |
| 4:53 | Guard Tower |
| 4:58 | Farm |
| 5:00 | Improved Masonry |
| 5:11 | Scout Tower |
| 5:14 | Scout Tower |
| 5:45 | Guard Tower |
| 5:46 | Scout Tower |
| 5:49 | Scout Tower |
| 5:50 | Guard Tower |
| 5:59 | Scout Tower |
| 6:19 | Scout Tower |
| 6:20 | Guard Tower |
| 6:22 | Scout Tower |
| 6:23 | Scout Tower |
| 6:24 | Scout Tower |
| 6:26 | Guard Tower |
| 6:34 | Guard Tower |
| 6:36 | Scout Tower |
| 6:48 | Scout Tower |
| 6:48 | Guard Tower |
| 6:55 | Boots of Speed |
| 6:55 | Staff of Teleportation |
| 7:41 | Castle |
| 7:46 | Life Drain |
| 7:58 | Guard Tower |
| 8:01 | Scout Tower |
| 8:02 | Scout Tower |
| 8:04 | Scout Tower |
| 8:06 | Arcane Sanctum |
| 8:33 | Guard Tower |
| 8:42 | Advanced Masonry |
| 8:56 | Scout Tower |
| 9:45 | Magic Sentry |
| 9:47 | Scout Tower |
| 9:47 | Scout Tower |
| 9:48 | Scout Tower |
| 9:48 | Scout Tower |
| 10:04 | Scout Tower |
| 10:04 | Guard Tower |
| 10:27 | Arcane Tower |
| 10:28 | Arcane Tower |
| 10:44 | Arcane Tower |
| 11:00 | Scout Tower |
| 11:01 | Scout Tower |
| 11:01 | Scout Tower |
| 11:15 | Guard Tower |
| 11:32 | Scout Tower |
| 11:32 | Scout Tower |
| 11:38 | Scout Tower |
| 11:40 | Arcane Tower |
| 11:43 | Arcane Vault |
| 12:02 | Arcane Tower |
| 12:38 | Guard Tower |
| 12:39 | Scout Tower |
| 12:53 | Guard Tower |
| 12:54 | Scout Tower |
| 12:55 | Scout Tower |
| 13:11 | Guard Tower |
| 13:18 | Scout Tower |
| 13:18 | Scout Tower |
| 13:46 | Guard Tower |
| 13:53 | Arcane Tower |
| 13:54 | Scout Tower |
| 14:20 | Imbued Masonry |
| 14:20 | Improved Lumber Harvesting |
| 14:35 | Arcane Tower |
| 15:01 | Scout Tower |
| 15:01 | Scout Tower |
| 15:02 | Scout Tower |
| 15:03 | Scout Tower |
| 15:41 | Silence |
| 15:48 | Guard Tower |
| 15:49 | Scout Tower |
| 15:49 | Scout Tower |
| 15:51 | Scout Tower |
| 15:51 | Guard Tower |
| 15:52 | Scout Tower |
| 16:24 | Guard Tower |
| 16:28 | Scout Tower |
| 16:28 | Scout Tower |
| 16:30 | Scout Tower |
| 16:31 | Scout Tower |
| 16:32 | Scout Tower |
| 16:33 | Scout Tower |
| 16:43 | Priest Adept Training |
| 16:43 | Priest |
| 17:04 | Guard Tower |
| 17:06 | Scout Tower |
| 17:06 | Scout Tower |
| 17:09 | Scout Tower |
| 17:09 | Scout Tower |
| 17:31 | Advanced Lumber Harvesting |
| 17:53 | Guard Tower |
| 17:55 | Scout Tower |
| 17:56 | Scout Tower |
| 17:57 | Scout Tower |
| 17:57 | Scout Tower |
| 18:29 | Circlet of Nobility |
| 18:35 | Guard Tower |
| 18:37 | Scout Tower |
| 18:38 | Scout Tower |
| 18:38 | Scout Tower |
| 18:39 | Scout Tower |
| 19:29 | Orb of Venom |
| 19:39 | Scout Tower |
| 19:40 | Scout Tower |
| 19:41 | Scout Tower |
| 19:41 | Scout Tower |
| 19:42 | Scout Tower |
| 19:47 | Scout Tower |
| 19:47 | Scout Tower |
| 19:48 | Scout Tower |
| 19:49 | Scout Tower |
| 19:52 | Gryphon Aviary |
| 19:52 | Gryphon Aviary |
| 19:54 | Blacksmith |
| 19:56 | Barracks |
| 20:16 | Guard Tower |
| 20:34 | Scout Tower |
| 20:35 | Scout Tower |
| 20:36 | Scout Tower |
| 20:38 | Scout Tower |
| 20:39 | Scout Tower |
| 20:39 | Scout Tower |
| 20:41 | Scout Tower |
| 20:47 | Guard Tower |
| 21:07 | Guard Tower |
| 21:50 | Scout Tower |
| 21:51 | Scout Tower |
| 21:53 | Scout Tower |
| 21:53 | Scout Tower |
| 22:33 | Farm |
| 22:34 | Farm |
| 22:36 | Farm |
| 22:38 | Guard Tower |
| 22:41 | Animal War Training |
| 22:49 | Dragonhawk Rider |
| 22:50 | Dragonhawk Rider |
| 22:51 | Cloud |
| 22:56 | Iron Forged Swords |
| 22:57 | Studded Leather Armor |
| 23:02 | Guard Tower |
| 23:12 | Scroll of Town Portal |
| 23:20 | Dragonhawk Rider |
| 23:21 | Dragonhawk Rider |
| 23:25 | Farm |
| 24:00 | Life Drain |
| 24:26 | Scroll of Town Portal |
| 24:32 | Dragonhawk Rider |
| 24:35 | Dragonhawk Rider |
| 26:53 | Staff of Sanctuary |
| 27:02 | Reinforced Leather Armor |
| 27:02 | Steel Forged Swords |
| 28:35 | Dragonhawk Rider |
| 28:39 | Dragonhide Armor |
| 29:41 | Scroll of Town Portal |
| 30:15 | Mithril Forged Swords |
| 31:21 | Charm |
| 31:26 | Scroll of Town Portal |
| 32:53 | Staff of Sanctuary |
| 32:54 | Staff of Preservation |
| 32:58 | Orb of Venom |
| 33:01 | Divine Shield |
| 33:49 | Boots of Speed |
| 33:49 | Staff of Teleportation |
| 33:52 | Periapt of Vitality |
| 36:45 | Holy Light |
| 39:10 | Farm |
| 39:10 | Farm |
| 39:11 | Farm |
| 39:12 | Farm |
| 39:12 | Farm |
| 39:13 | Farm |
| 39:14 | Farm |
| 39:14 | Farm |
| 41:40 | Divine Shield |
| 43:09 | Silence |
| Right click | 2586 |
| Select | 741 |
| Select group | 546 |
| Build/train/purchase | 169 |
| Use ability | 141 |
| Assign group | 99 |
| Misc. action | 75 |
| Minimap ping | 11 |
| Item give/drop | 2 |
| Esc | 2 |



x1)
| Staff of Sanctuary | 3 | 750 |
| Orb of Fire | 1 | 325 |
| Boots of Speed | 4 | 1000 |
| Staff of Teleportation | 3 | 450 |
| Potion of Lesser Invulnerability | 1 | 150 |
| Periapt of Vitality | 2 | 650 |
| Circlet of Nobility | 3 | 525 |
| Tome of Retraining | 1 | 300 |
| Orb of Venom | 2 | 650 |
| total: | 20 | 4800g |
| Peasant | 14 | 1050 | / | 0 |
| Priest | 2 | 270 | / | 20 |
| total: | 16 | 1320g | / | 20w |
| Scout Tower | 171 | 5130 | / | 3420 |
| Arcane Tower | 15 | 1050 | / | 750 |
| Guard Tower | 42 | 2940 | / | 2100 |
| Altar of Kings | 1 | 180 | / | 50 |
| Lumber Mill | 1 | 120 | / | 0 |
| Farm | 7 | 560 | / | 140 |
| Arcane Vault | 3 | 390 | / | 90 |
| Arcane Sanctum | 1 | 150 | / | 140 |
| Keep | 1 | 320 | / | 210 |
| Castle | 1 | 360 | / | 210 |
| total: | 184 | 6530g | / | 3840w |
| 0:25 | Peasant |
| 0:26 | Peasant |
| 0:32 | Altar of Kings |
| 0:35 | Peasant |
| 0:43 | Lumber Mill |
| 0:46 | Farm |
| 0:48 | Peasant |
| 1:00 | Peasant |
| 1:11 | Farm |
| 1:18 | Peasant |
| 1:43 | Peasant |
| 1:50 | Scout Tower |
| 2:04 | Peasant |
| 2:08 | Scout Tower |
| 2:12 | Scout Tower |
| 2:14 | Scout Tower |
| 2:17 | Peasant |
| 2:17 | Peasant |
| 2:18 | Improved Masonry |
| 2:28 | Arcane Tower |
| 2:32 | Summon Water Elemental |
| 2:41 | Peasant |
| 2:55 | Peasant |
| 2:57 | Arcane Tower |
| 3:00 | Scout Tower |
| 3:02 | Arcane Tower |
| 3:03 | Arcane Vault |
| 3:16 | Scout Tower |
| 3:17 | Scout Tower |
| 3:18 | Guard Tower |
| 3:19 | Peasant |
| 3:37 | Peasant |
| 3:40 | Guard Tower |
| 3:42 | Scout Tower |
| 3:42 | Scout Tower |
| 4:03 | Keep |
| 4:16 | Brilliance Aura |
| 4:23 | Guard Tower |
| 4:24 | Scout Tower |
| 4:25 | Scout Tower |
| 5:20 | Scout Tower |
| 5:21 | Scout Tower |
| 5:22 | Guard Tower |
| 5:24 | Scout Tower |
| 5:24 | Scout Tower |
| 5:25 | Guard Tower |
| 5:59 | Guard Tower |
| 6:00 | Farm |
| 6:01 | Farm |
| 6:03 | Scout Tower |
| 6:08 | Scout Tower |
| 6:08 | Scout Tower |
| 6:21 | Scout Tower |
| 6:21 | Scout Tower |
| 6:22 | Guard Tower |
| 6:42 | Castle |
| 6:43 | Advanced Masonry |
| 6:43 | Improved Lumber Harvesting |
| 6:54 | Arcane Tower |
| 6:58 | Arcane Tower |
| 7:35 | Storm Bolt |
| 7:39 | Guard Tower |
| 7:42 | Scout Tower |
| 7:42 | Scout Tower |
| 7:43 | Scout Tower |
| 7:43 | Scout Tower |
| 7:43 | Scout Tower |
| 7:44 | Scout Tower |
| 7:44 | Scout Tower |
| 7:45 | Scout Tower |
| 7:54 | Summon Water Elemental |
| 7:57 | Scout Tower |
| 7:59 | Scout Tower |
| 7:59 | Scout Tower |
| 8:35 | Boots of Speed |
| 8:36 | Staff of Teleportation |
| 8:36 | Potion of Lesser Invulnerability |
| 8:59 | Scout Tower |
| 8:59 | Guard Tower |
| 9:02 | Arcane Sanctum |
| 9:08 | Arcane Tower |
| 9:09 | Guard Tower |
| 9:25 | Scout Tower |
| 9:26 | Scout Tower |
| 9:26 | Scout Tower |
| 9:27 | Guard Tower |
| 9:42 | Boots of Speed |
| 9:56 | Imbued Masonry |
| 9:56 | Advanced Lumber Harvesting |
| 10:04 | Guard Tower |
| 10:05 | Scout Tower |
| 10:41 | Scout Tower |
| 10:47 | Guard Tower |
| 10:56 | Scout Tower |
| 10:57 | Scout Tower |
| 10:57 | Scout Tower |
| 10:58 | Scout Tower |
| 10:58 | Scout Tower |
| 11:01 | Scout Tower |
| 11:01 | Scout Tower |
| 11:02 | Scout Tower |
| 11:03 | Guard Tower |
| 11:08 | Scout Tower |
| 11:08 | Scout Tower |
| 11:09 | Scout Tower |
| 11:10 | Scout Tower |
| 11:11 | Scout Tower |
| 11:11 | Scout Tower |
| 11:13 | Guard Tower |
| 11:19 | Scout Tower |
| 11:20 | Scout Tower |
| 11:21 | Scout Tower |
| 11:21 | Scout Tower |
| 11:21 | Scout Tower |
| 11:22 | Scout Tower |
| 11:24 | Scout Tower |
| 11:25 | Scout Tower |
| 11:25 | Scout Tower |
| 11:26 | Scout Tower |
| 11:28 | Staff of Sanctuary |
| 11:36 | Arcane Tower |
| 11:37 | Guard Tower |
| 11:40 | Scout Tower |
| 11:41 | Scout Tower |
| 11:41 | Scout Tower |
| 11:41 | Scout Tower |
| 11:42 | Scout Tower |
| 11:45 | Magic Sentry |
| 12:10 | Bash |
| 12:27 | Priest Adept Training |
| 12:28 | Farm |
| 12:31 | Arcane Tower |
| 12:31 | Guard Tower |
| 12:37 | Arcane Vault |
| 12:42 | Arcane Vault |
| 12:43 | Scout Tower |
| 12:43 | Scout Tower |
| 12:44 | Scout Tower |
| 12:44 | Scout Tower |
| 12:58 | Arcane Tower |
| 12:59 | Guard Tower |
| 13:32 | Guard Tower |
| 13:49 | Boots of Speed |
| 13:50 | Periapt of Vitality |
| 14:03 | Holy Light |
| 14:04 | Orb of Fire |
| 14:05 | Staff of Sanctuary |
| 14:08 | Guard Tower |
| 14:09 | Scout Tower |
| 14:15 | Guard Tower |
| 14:23 | Staff of Teleportation |
| 14:23 | Boots of Speed |
| 14:37 | Scout Tower |
| 14:38 | Scout Tower |
| 14:41 | Scout Tower |
| 14:41 | Scout Tower |
| 14:43 | Scout Tower |
| 14:44 | Scout Tower |
| 14:44 | Scout Tower |
| 15:05 | Guard Tower |
| 15:07 | Scout Tower |
| 15:08 | Scout Tower |
| 15:09 | Scout Tower |
| 15:11 | Scout Tower |
| 15:12 | Scout Tower |
| 15:12 | Scout Tower |
| 15:13 | Scout Tower |
| 15:14 | Scout Tower |
| 15:14 | Scout Tower |
| 15:19 | Staff of Teleportation |
| 15:28 | Circlet of Nobility |
| 15:34 | Guard Tower |
| 15:37 | Scout Tower |
| 15:38 | Scout Tower |
| 15:46 | Orb of Venom |
| 15:53 | Guard Tower |
| 16:26 | Storm Bolt |
| 16:38 | Guard Tower |
| 16:40 | Arcane Tower |
| 16:40 | Guard Tower |
| 16:51 | Guard Tower |
| 16:55 | Scout Tower |
| 17:12 | Guard Tower |
| 17:21 | Scout Tower |
| 17:22 | Scout Tower |
| 17:22 | Scout Tower |
| 17:23 | Scout Tower |
| 17:36 | Orb of Venom |
| 17:59 | Divine Shield |
| 18:08 | Guard Tower |
| 18:09 | Scout Tower |
| 18:25 | Tome of Retraining |
| 18:25 | Retrain Hero |
| 18:26 | Blizzard |
| 18:27 | Brilliance Aura |
| 18:38 | Scout Tower |
| 18:38 | Guard Tower |
| 18:52 | Guard Tower |
| 18:54 | Scout Tower |
| 18:54 | Scout Tower |
| 19:06 | Guard Tower |
| 19:07 | Scout Tower |
| 19:19 | Guard Tower |
| 19:20 | Scout Tower |
| 19:21 | Scout Tower |
| 19:26 | Circlet of Nobility |
| 19:34 | Priest Master Training |
| 19:34 | Priest |
| 19:42 | Guard Tower |
| 20:14 | Guard Tower |
| 20:40 | Guard Tower |
| 20:41 | Scout Tower |
| 20:42 | Scout Tower |
| 20:42 | Scout Tower |
| 20:47 | Scout Tower |
| 21:00 | Scout Tower |
| 21:00 | Scout Tower |
| 21:01 | Scout Tower |
| 21:07 | Priest |
| 21:12 | Scout Tower |
| 21:14 | Scout Tower |
| 21:15 | Scout Tower |
| 21:25 | Staff of Sanctuary |
| 21:27 | Farm |
| 21:28 | Farm |
| 21:30 | Scout Tower |
| 21:30 | Scout Tower |
| 21:30 | Scout Tower |
| 21:31 | Scout Tower |
| 21:31 | Scout Tower |
| 21:32 | Scout Tower |
| 21:32 | Scout Tower |
| 21:32 | Scout Tower |
| 21:32 | Scout Tower |
| 21:33 | Scout Tower |
| 21:33 | Scout Tower |
| 21:34 | Scout Tower |
| 21:34 | Scout Tower |
| 21:34 | Scout Tower |
| 21:34 | Scout Tower |
| 21:34 | Scout Tower |
| 21:34 | Scout Tower |
| 21:35 | Scout Tower |
| 21:35 | Scout Tower |
| 21:54 | Periapt of Vitality |
| 21:59 | Circlet of Nobility |
| 22:02 | Guard Tower |
| 22:57 | Arcane Tower |
| 22:57 | Guard Tower |
| 23:34 | Scout Tower |
| 23:35 | Scout Tower |
| 23:35 | Scout Tower |
| 23:45 | Brilliance Aura |
| 25:30 | Holy Light |
| 26:00 | Arcane Tower |
| 26:18 | Scout Tower |
| 26:19 | Scout Tower |
| 26:20 | Scout Tower |
| 26:41 | Bash |
| 27:09 | Guard Tower |
| 27:14 | Guard Tower |
| 27:15 | Scout Tower |
| 27:15 | Scout Tower |
| 27:16 | Scout Tower |
| 27:22 | Arcane Tower |
| 27:53 | Arcane Tower |
| 28:22 | Scout Tower |
| 28:22 | Arcane Tower |
| 28:23 | Guard Tower |
| 28:56 | Guard Tower |
| 37:23 | Blizzard |
| 40:24 | Storm Bolt |
| 41:35 | Divine Shield |
| 42:34 | Scout Tower |
| 42:35 | Scout Tower |
| 42:36 | Scout Tower |
| 42:36 | Scout Tower |
| 42:37 | Scout Tower |
| 42:37 | Scout Tower |
| 42:38 | Scout Tower |
| 42:39 | Scout Tower |
| 42:39 | Scout Tower |
| 42:40 | Scout Tower |
| 42:40 | Scout Tower |
| 42:40 | Scout Tower |
| 42:40 | Scout Tower |
| 42:41 | Scout Tower |
| 42:41 | Scout Tower |
| 42:42 | Scout Tower |
| 42:42 | Scout Tower |
| 42:42 | Scout Tower |
| 42:42 | Scout Tower |
| 42:42 | Scout Tower |
| 42:43 | Scout Tower |
| 42:43 | Scout Tower |
| 42:43 | Scout Tower |
| 42:43 | Scout Tower |
| 42:43 | Scout Tower |
| 42:43 | Scout Tower |
| 42:44 | Scout Tower |
| 42:44 | Scout Tower |
| 42:44 | Scout Tower |
| 45:20 | Scout Tower |
| 45:21 | Scout Tower |
| Right click | 3057 |
| Select group | 1925 |
| Select | 617 |
| Chat | 370 |
| Assign group | 359 |
| Use ability | 216 |
| Build/train/purchase | 202 |
| Misc. action | 66 |
| Item give/drop | 7 |



x1)
| Staff of Sanctuary | 4 | 1000 |
| Staff of Teleportation | 3 | 450 |
| Boots of Speed | 3 | 750 |
| Periapt of Vitality | 2 | 650 |
| Tome of Retraining | 1 | 300 |
| Orb of Venom | 3 | 975 |
| total: | 16 | 4125g |
| Peasant | 15 | 1125 | / | 0 |
| Priest | 3 | 405 | / | 30 |
| Sorceress | 1 | 155 | / | 20 |
| total: | 19 | 1685g | / | 50w |
| Scout Tower | 97 | 2910 | / | 1940 |
| Guard Tower | 31 | 2170 | / | 1550 |
| Arcane Tower | 12 | 840 | / | 600 |
| Altar of Kings | 1 | 180 | / | 50 |
| Farm | 7 | 560 | / | 140 |
| Lumber Mill | 1 | 120 | / | 0 |
| Arcane Vault | 2 | 260 | / | 60 |
| Arcane Sanctum | 1 | 150 | / | 140 |
| Keep | 2 | 640 | / | 420 |
| Castle | 1 | 360 | / | 210 |
| total: | 109 | 4180g | / | 2330w |
| 0:26 | Peasant |
| 0:26 | Peasant |
| 0:32 | Altar of Kings |
| 0:39 | Peasant |
| 0:45 | Farm |
| 0:48 | Peasant |
| 0:54 | Peasant |
| 0:59 | Lumber Mill |
| 1:18 | Peasant |
| 1:24 | Farm |
| 1:27 | Peasant |
| 1:32 | Scout Tower |
| 1:36 | Peasant |
| 1:46 | Scout Tower |
| 1:50 | Scout Tower |
| 2:06 | Scout Tower |
| 2:19 | Peasant |
| 2:19 | Peasant |
| 2:20 | Peasant |
| 2:31 | Guard Tower |
| 2:36 | Scout Tower |
| 2:48 | Arcane Tower |
| 2:54 | Peasant |
| 2:58 | Guard Tower |
| 3:06 | Scout Tower |
| 3:08 | Peasant |
| 3:12 | Peasant |
| 3:12 | Peasant |
| 3:14 | Guard Tower |
| 3:20 | Summon Water Elemental |
| 3:33 | Guard Tower |
| 3:35 | Scout Tower |
| 3:39 | Scout Tower |
| 4:04 | Guard Tower |
| 4:07 | Keep |
| 4:29 | Scout Tower |
| 4:30 | Scout Tower |
| 4:30 | Guard Tower |
| 4:34 | Farm |
| 4:35 | Farm |
| 4:36 | Improved Masonry |
| 5:10 | Guard Tower |
| 5:11 | Scout Tower |
| 5:12 | Scout Tower |
| 5:13 | Scout Tower |
| 5:13 | Scout Tower |
| 5:51 | Brilliance Aura |
| 6:04 | Guard Tower |
| 6:04 | Guard Tower |
| 6:36 | Castle |
| 6:36 | Advanced Masonry |
| 6:38 | Improved Lumber Harvesting |
| 6:54 | Staff of Teleportation |
| 7:25 | Storm Bolt |
| 7:58 | Guard Tower |
| 7:59 | Scout Tower |
| 8:00 | Scout Tower |
| 8:00 | Scout Tower |
| 8:02 | Scout Tower |
| 8:02 | Scout Tower |
| 8:03 | Scout Tower |
| 8:03 | Scout Tower |
| 8:04 | Scout Tower |
| 8:06 | Scout Tower |
| 8:07 | Scout Tower |
| 8:31 | Guard Tower |
| 8:51 | Arcane Sanctum |
| 9:00 | Imbued Masonry |
| 9:04 | Scout Tower |
| 9:04 | Scout Tower |
| 9:05 | Scout Tower |
| 9:05 | Scout Tower |
| 9:06 | Scout Tower |
| 9:06 | Scout Tower |
| 9:06 | Scout Tower |
| 9:07 | Scout Tower |
| 9:32 | Staff of Teleportation |
| 9:32 | Boots of Speed |
| 10:04 | Magic Sentry |
| 10:08 | Arcane Tower |
| 10:23 | Arcane Tower |
| 11:00 | Guard Tower |
| 11:10 | Priest |
| 11:10 | Priest |
| 11:18 | Guard Tower |
| 11:53 | Arcane Vault |
| 11:54 | Arcane Vault |
| 11:56 | Summon Water Elemental |
| 12:32 | Bash |
| 12:34 | Holy Light |
| 12:35 | Guard Tower |
| 12:50 | Arcane Tower |
| 12:51 | Arcane Tower |
| 12:51 | Arcane Tower |
| 13:03 | Staff of Teleportation |
| 13:17 | Arcane Tower |
| 14:09 | Sorceress Adept Training |
| 14:09 | Priest Adept Training |
| 14:11 | Farm |
| 14:11 | Farm |
| 14:12 | Farm |
| 14:14 | Sorceress |
| 14:16 | Advanced Lumber Harvesting |
| 14:39 | Scout Tower |
| 14:40 | Scout Tower |
| 14:40 | Scout Tower |
| 14:40 | Scout Tower |
| 14:41 | Scout Tower |
| 14:41 | Scout Tower |
| 14:42 | Scout Tower |
| 14:42 | Scout Tower |
| 15:06 | Scout Tower |
| 15:09 | Scout Tower |
| 15:10 | Scout Tower |
| 16:01 | Boots of Speed |
| 16:02 | Periapt of Vitality |
| 16:05 | Boots of Speed |
| 16:11 | Staff of Sanctuary |
| 16:11 | Staff of Sanctuary |
| 16:39 | Staff of Sanctuary |
| 16:59 | Orb of Venom |
| 17:00 | Orb of Venom |
| 17:16 | Scout Tower |
| 17:17 | Scout Tower |
| 17:17 | Scout Tower |
| 17:18 | Scout Tower |
| 17:18 | Scout Tower |
| 17:18 | Scout Tower |
| 17:19 | Scout Tower |
| 17:19 | Scout Tower |
| 17:20 | Scout Tower |
| 17:21 | Scout Tower |
| 17:21 | Scout Tower |
| 17:21 | Scout Tower |
| 17:39 | Scout Tower |
| 17:39 | Scout Tower |
| 17:40 | Scout Tower |
| 17:40 | Scout Tower |
| 17:41 | Scout Tower |
| 17:41 | Scout Tower |
| 17:42 | Scout Tower |
| 17:42 | Scout Tower |
| 17:43 | Guard Tower |
| 17:43 | Guard Tower |
| 17:53 | Guard Tower |
| 17:57 | Divine Shield |
| 17:59 | Guard Tower |
| 18:12 | Guard Tower |
| 19:39 | Priest |
| 19:41 | Guard Tower |
| 19:41 | Guard Tower |
| 19:44 | Guard Tower |
| 19:51 | Orb of Venom |
| 19:58 | Staff of Sanctuary |
| 20:04 | Guard Tower |
| 20:08 | Scout Tower |
| 20:08 | Scout Tower |
| 20:09 | Scout Tower |
| 20:09 | Scout Tower |
| 20:10 | Scout Tower |
| 20:11 | Scout Tower |
| 20:11 | Scout Tower |
| 20:12 | Scout Tower |
| 20:12 | Scout Tower |
| 20:13 | Scout Tower |
| 20:13 | Scout Tower |
| 20:14 | Scout Tower |
| 20:15 | Scout Tower |
| 20:15 | Scout Tower |
| 20:21 | Tome of Retraining |
| 20:21 | Retrain Hero |
| 20:22 | Blizzard |
| 20:22 | Brilliance Aura |
| 20:22 | Blizzard |
| 20:27 | Periapt of Vitality |
| 20:47 | Scout Tower |
| 20:47 | Scout Tower |
| 20:48 | Scout Tower |
| 20:48 | Scout Tower |
| 20:49 | Scout Tower |
| 20:49 | Scout Tower |
| 20:50 | Scout Tower |
| 20:51 | Scout Tower |
| 20:52 | Scout Tower |
| 20:53 | Scout Tower |
| 20:53 | Scout Tower |
| 20:54 | Scout Tower |
| 20:54 | Scout Tower |
| 20:54 | Scout Tower |
| 20:55 | Scout Tower |
| 20:55 | Scout Tower |
| 22:00 | Storm Bolt |
| 22:37 | Guard Tower |
| 22:38 | Guard Tower |
| 22:44 | Guard Tower |
| 23:17 | Guard Tower |
| 23:22 | Scout Tower |
| 23:22 | Scout Tower |
| 23:23 | Scout Tower |
| 23:24 | Scout Tower |
| 24:02 | Brilliance Aura |
| 24:51 | Guard Tower |
| 26:20 | Guard Tower |
| 26:58 | Holy Light |
| 27:25 | Guard Tower |
| 28:33 | Bash |
| 35:39 | Divine Shield |
| 40:40 | Brilliance Aura |
| Right click | 3825 |
| Select group | 859 |
| Select | 763 |
| Chat | 459 |
| Build/train/purchase | 189 |
| Use ability | 184 |
| Assign group | 36 |
| Minimap ping | 34 |
| Misc. action | 27 |
| Item give/drop | 2 |


| Orb of Venom | 1 | 325 |
| Staff of Teleportation | 2 | 300 |
| Boots of Speed | 2 | 500 |
| Periapt of Vitality | 2 | 650 |
| Circlet of Nobility | 1 | 175 |
| Staff of Sanctuary | 2 | 500 |
| total: | 10 | 2450g |
| Wisp | 51 | 3060 | / | 0 |
| total: | 51 | 3060g | / | 0w |
| Altar of Elders | 2 | 360 | / | 100 |
| Moon Well | 30 | 5400 | / | 1200 |
| Tree of Life | 4 | 1360 | / | 740 |
| Hunter's Hall | 1 | 210 | / | 100 |
| Ancient of Wonders | 4 | 360 | / | 120 |
| Tree of Ages | 1 | 320 | / | 180 |
| Tree of Eternity | 1 | 330 | / | 200 |
| total: | 41 | 7690g | / | 2260w |
| 0:26 | Wisp |
| 0:26 | Wisp |
| 0:30 | Altar of Elders |
| 0:37 | Wisp |
| 0:37 | Wisp |
| 0:42 | Moon Well |
| 1:02 | Moon Well |
| 1:14 | Wisp |
| 1:26 | Wisp |
| 1:26 | Wisp |
| 1:42 | Wisp |
| 1:43 | Wisp |
| 1:59 | Wisp |
| 2:30 | Wisp |
| 2:30 | Wisp |
| 2:32 | Shadow Strike |
| 2:45 | Wisp |
| 2:45 | Wisp |
| 3:16 | Wisp |
| 3:17 | Wisp |
| 3:18 | Wisp |
| 3:52 | Wisp |
| 4:08 | Staff of Teleportation |
| 4:08 | Boots of Speed |
| 4:15 | Tree of Life |
| 4:24 | Wisp |
| 4:27 | Wisp |
| 5:06 | Tree of Ages |
| 5:42 | Hunter's Hall |
| 6:01 | Moon Well |
| 6:08 | Moon Well |
| 6:22 | Moon Well |
| 6:37 | Wisp |
| 6:37 | Wisp |
| 6:38 | Wisp |
| 6:38 | Wisp |
| 6:39 | Wisp |
| 7:25 | Blink |
| 7:59 | Tree of Eternity |
| 8:00 | Ultravision |
| 8:16 | Wisp |
| 8:16 | Wisp |
| 8:56 | Entangling Roots |
| 9:00 | Ancient of Wonders |
| 9:12 | Ancient of Wonders |
| 9:13 | Ancient of Wonders |
| 9:16 | Staff of Teleportation |
| 9:17 | Boots of Speed |
| 9:17 | Periapt of Vitality |
| 9:49 | Ancient of Wonders |
| 11:06 | Well Spring |
| 11:12 | Moon Well |
| 11:14 | Moon Well |
| 11:20 | Orb of Venom |
| 12:32 | Shadow Strike |
| 12:36 | Moon Well |
| 12:37 | Moon Well |
| 12:41 | Moon Well |
| 12:42 | Moon Well |
| 12:48 | Moon Well |
| 12:48 | Moon Well |
| 12:49 | Moon Well |
| 12:49 | Moon Well |
| 13:17 | Wisp |
| 13:17 | Wisp |
| 13:17 | Wisp |
| 13:17 | Wisp |
| 13:46 | Thorns Aura |
| 14:35 | Wisp |
| 14:35 | Wisp |
| 15:10 | Tree of Life |
| 15:16 | Wisp |
| 15:16 | Wisp |
| 15:17 | Wisp |
| 15:17 | Wisp |
| 15:17 | Wisp |
| 15:48 | Tree of Life |
| 15:50 | Wisp |
| 16:09 | Staff of Sanctuary |
| 16:10 | Staff of Sanctuary |
| 17:21 | Wisp |
| 17:22 | Wisp |
| 17:22 | Wisp |
| 17:22 | Wisp |
| 17:29 | Entangling Roots |
| 18:18 | Moon Well |
| 18:19 | Moon Well |
| 18:25 | Periapt of Vitality |
| 19:38 | Moon Well |
| 19:46 | Moon Well |
| 20:06 | Circlet of Nobility |
| 22:16 | Blink |
| 26:35 | Thorns Aura |
| 27:12 | Moon Well |
| 27:12 | Moon Well |
| 27:13 | Moon Well |
| 27:33 | Moon Well |
| 27:34 | Moon Well |
| 27:35 | Moon Well |
| 27:36 | Moon Well |
| 29:02 | Moon Well |
| 29:07 | Moon Well |
| 29:08 | Moon Well |
| 29:09 | Moon Well |
| 30:16 | Tree of Life |
| 30:25 | Shadow Strike |
| 31:58 | Wisp |
| 32:03 | Nature's Blessing |
| 32:24 | Altar of Elders |
| 38:47 | Blink |
| 41:25 | Entangling Roots |
| 42:03 | Wisp |
| 42:03 | Wisp |
| 42:03 | Wisp |
| 42:03 | Wisp |
| 42:03 | Wisp |
| 42:04 | Wisp |
| 42:04 | Wisp |
| 43:53 | Spirit of Vengeance |
| Right click | 3679 |
| Select group | 2150 |
| Resource trade | 453 |
| Use ability | 308 |
| Select | 301 |
| Build/train/purchase | 202 |
| Misc. action | 87 |
| Chat | 59 |
| Minimap ping | 38 |
| Item give/drop | 9 |
| Assign group | 7 |
| Esc | 1 |
255 units @ 38.3k
/ 7k
100 buildings @ 15.9k
/ 7.1k



| Orb of Venom | 1 | 325 |
| Scroll of Town Portal | 2 | 700 |
| total: | 3 | 1025g |
| Wisp | 29 | 1740 | / | 0 |
| Archer | 14 | 1820 | / | 140 |
| Huntress | 4 | 780 | / | 80 |
| Dryad | 22 | 3190 | / | 1320 |
| Mountain Giant | 7 | 2450 | / | 700 |
| Druid of the Claw | 2 | 510 | / | 160 |
| total: | 78 | 10490g | / | 2400w |
| Ancient Protector | 2 | 270 | / | 160 |
| Ancient of War | 1 | 150 | / | 60 |
| Altar of Elders | 1 | 180 | / | 50 |
| Moon Well | 11 | 1980 | / | 440 |
| Hunter's Hall | 1 | 210 | / | 100 |
| Ancient of Wonders | 1 | 90 | / | 30 |
| Tree of Life | 1 | 340 | / | 185 |
| Ancient of Lore | 3 | 465 | / | 435 |
| Ancient of Wind | 1 | 150 | / | 140 |
| Tree of Ages | 1 | 320 | / | 180 |
| Tree of Eternity | 1 | 330 | / | 200 |
| total: | 22 | 3835g | / | 1600w |
| 0:28 | Ancient of War |
| 0:31 | Altar of Elders |
| 0:33 | Moon Well |
| 0:43 | Wisp |
| 0:58 | Wisp |
| 1:08 | Wisp |
| 1:27 | Wisp |
| 1:28 | Wisp |
| 1:33 | Wisp |
| 1:37 | Wisp |
| 1:43 | Wisp |
| 1:49 | Wisp |
| 1:55 | Wisp |
| 2:04 | Wisp |
| 2:12 | Wisp |
| 2:27 | Moon Well |
| 2:33 | Immolation |
| 2:44 | Moon Well |
| 3:24 | Moon Well |
| 3:26 | Archer |
| 3:26 | Archer |
| 3:37 | Archer |
| 3:51 | Archer |
| 4:12 | Moon Well |
| 4:28 | Archer |
| 4:34 | Archer |
| 5:08 | Tree of Ages |
| 6:05 | Evasion |
| 7:02 | Moon Well |
| 7:03 | Moon Well |
| 7:51 | Archer |
| 7:51 | Archer |
| 7:51 | Archer |
| 7:51 | Archer |
| 7:51 | Archer |
| 7:52 | Archer |
| 7:52 | Archer |
| 8:09 | Hunter's Hall |
| 8:26 | Wisp |
| 8:26 | Wisp |
| 8:26 | Wisp |
| 8:27 | Wisp |
| 8:31 | Ancient of Wonders |
| 9:02 | Archer |
| 9:07 | Moon Well |
| 9:34 | Huntress |
| 9:37 | Trueshot Aura |
| 9:50 | Huntress |
| 9:51 | Huntress |
| 10:27 | Huntress |
| 10:41 | Tree of Eternity |
| 11:32 | Moon Well |
| 11:33 | Moon Well |
| 11:38 | Moon Well |
| 12:34 | Immolation |
| 12:44 | Tree of Life |
| 13:30 | Well Spring |
| 13:44 | Wisp |
| 14:39 | Searing Arrows |
| 14:41 | Thorns Aura |
| 16:03 | Ancient Protector |
| 16:08 | Ancient Protector |
| 16:16 | Ancient of Lore |
| 16:21 | Wisp |
| 16:22 | Wisp |
| 16:22 | Wisp |
| 16:22 | Wisp |
| 16:22 | Wisp |
| 16:38 | Ancient of Wind |
| 17:36 | Abolish Magic |
| 17:49 | Ancient of Lore |
| 17:53 | Ancient of Lore |
| 18:32 | Strength of the Wild |
| 18:33 | Reinforced Hides |
| 18:35 | Ultravision |
| 19:38 | Improved Strength of the Wild |
| 20:42 | Wisp |
| 20:42 | Wisp |
| 20:43 | Wisp |
| 20:43 | Wisp |
| 20:43 | Wisp |
| 20:43 | Wisp |
| 20:44 | Wisp |
| 20:51 | Orb of Venom |
| 20:54 | Scroll of Town Portal |
| 20:58 | Scroll of Town Portal |
| 21:06 | Improved Reinforced Hides |
| 21:33 | Dryad |
| 21:33 | Dryad |
| 21:33 | Dryad |
| 21:33 | Dryad |
| 21:33 | Dryad |
| 21:34 | Dryad |
| 21:34 | Dryad |
| 21:34 | Dryad |
| 22:28 | Dryad |
| 22:28 | Dryad |
| 22:29 | Dryad |
| 22:31 | Mountain Giant |
| 22:31 | Mountain Giant |
| 22:31 | Mountain Giant |
| 22:32 | Mountain Giant |
| 22:32 | Hardened Skin |
| 22:33 | Resistant Skin |
| 22:38 | Advanced Strength of the Wild |
| 24:32 | Advanced Reinforced Hides |
| 24:52 | Mountain Giant |
| 29:48 | Druid of the Claw |
| 30:21 | Druid of the Claw Adept Training |
| 31:58 | Dryad |
| 31:59 | Druid of the Claw Master Training |
| 32:55 | Mark of the Claw |
| 32:56 | Druid of the Claw |
| 35:57 | Mountain Giant |
| 35:57 | Mountain Giant |
| 36:02 | Dryad |
| 36:02 | Dryad |
| 36:03 | Dryad |
| 36:03 | Dryad |
| 36:37 | Dryad |
| 36:58 | Entangling Roots |
| 39:02 | Trueshot Aura |
| 43:17 | Dryad |
| 43:17 | Dryad |
| 43:17 | Dryad |
| 43:17 | Dryad |
| 43:18 | Dryad |
| Right click | 803 |
| Select | 588 |
| Select group | 374 |
| Build/train/purchase | 151 |
| Misc. action | 84 |
| Chat | 82 |
| Assign group | 27 |
| Use ability | 24 |
| Remove unit | 23 |
| Resource trade | 22 |
| Item give/drop | 3 |
| Minimap ping | 1 |


| Sacrificial Skull | 1 | 50 |
| Rod of Necromancy | 1 | 150 |
| Ritual Dagger | 1 | 125 |
| Orb of Corruption | 1 | 375 |
| Scroll of Healing | 1 | 250 |
| total: | 5 | 950g |
| Acolyte | 15 | 1125 | / | 0 |
| Ghoul | 4 | 480 | / | 0 |
| Crypt Fiend | 7 | 1505 | / | 280 |
| Banshee | 3 | 465 | / | 90 |
| Necromancer | 3 | 435 | / | 60 |
| Frost Wyrm | 11 | 4235 | / | 1320 |
| total: | 43 | 8245g | / | 1750w |
| Nerubian Tower | 6 | 600 | / | 120 |
| Spirit Tower | 7 | 1015 | / | 280 |
| Altar of Darkness | 1 | 180 | / | 50 |
| Ziggurat | 13 | 1950 | / | 650 |
| Crypt | 2 | 400 | / | 100 |
| Tomb of Relics | 1 | 130 | / | 30 |
| Graveyard | 1 | 215 | / | 0 |
| Temple of the Damned | 2 | 310 | / | 280 |
| Sacrificial Pit | 1 | 75 | / | 150 |
| Boneyard | 2 | 350 | / | 400 |
| Halls of the Dead | 1 | 320 | / | 210 |
| Black Citadel | 1 | 325 | / | 230 |
| total: | 23 | 3610g | / | 1660w |
| 0:30 | Acolyte |
| 0:31 | Acolyte |
| 0:35 | Altar of Darkness |
| 0:38 | Ziggurat |
| 0:56 | Crypt |
| 1:20 | Ziggurat |
| 1:34 | Nerubian Tower |
| 1:59 | Tomb of Relics |
| 2:04 | Ghoul |
| 2:04 | Ghoul |
| 2:28 | Graveyard |
| 2:37 | Death Coil |
| 2:39 | Ghoul |
| 3:06 | Sacrificial Skull |
| 3:07 | Rod of Necromancy |
| 3:15 | Ghoul |
| 3:35 | Crypt |
| 4:09 | Crypt Fiend |
| 4:43 | Crypt Fiend |
| 4:58 | Creature Attack |
| 5:22 | Halls of the Dead |
| 6:36 | Unholy Aura |
| 6:51 | Ziggurat |
| 6:52 | Ziggurat |
| 6:53 | Ziggurat |
| 6:54 | Ziggurat |
| 6:56 | Ziggurat |
| 7:02 | Creature Carapace |
| 7:19 | Ritual Dagger |
| 7:50 | Crypt Fiend |
| 7:54 | Web |
| 8:03 | Nerubian Tower |
| 8:17 | Spirit Tower |
| 8:58 | Death Coil |
| 9:26 | Crypt Fiend |
| 10:03 | Spirit Tower |
| 11:05 | Unholy Aura |
| 11:18 | Temple of the Damned |
| 11:19 | Temple of the Damned |
| 11:24 | Sacrificial Pit |
| 11:46 | Crypt Fiend |
| 11:48 | Crypt Fiend |
| 12:01 | Acolyte |
| 12:12 | Acolyte |
| 12:12 | Acolyte |
| 12:22 | Acolyte |
| 12:33 | Acolyte |
| 12:40 | Sleep |
| 12:59 | Improved Creature Attack |
| 13:44 | Scroll of Healing |
| 13:57 | Banshee Adept Training |
| 13:59 | Black Citadel |
| 14:27 | Vampiric Aura |
| 14:54 | Improved Creature Carapace |
| 15:02 | Banshee |
| 15:03 | Banshee |
| 15:23 | Crypt Fiend |
| 16:21 | Acolyte |
| 16:21 | Acolyte |
| 16:25 | Banshee Master Training |
| 16:29 | Necromancer Adept Training |
| 16:34 | Orb of Corruption |
| 16:48 | Ziggurat |
| 16:48 | Ziggurat |
| 17:13 | Advanced Creature Attack |
| 17:51 | Banshee |
| 17:53 | Necromancer Master Training |
| 17:55 | Skeletal Mastery |
| 18:03 | Acolyte |
| 18:13 | Spirit Tower |
| 18:15 | Nerubian Tower |
| 18:35 | Advanced Creature Carapace |
| 19:44 | Acolyte |
| 19:44 | Acolyte |
| 19:45 | Acolyte |
| 19:45 | Acolyte |
| 19:45 | Acolyte |
| 19:56 | Spirit Tower |
| 19:59 | Nerubian Tower |
| 20:00 | Spirit Tower |
| 20:41 | Ziggurat |
| 20:42 | Ziggurat |
| 20:52 | Ziggurat |
| 21:19 | Boneyard |
| 21:26 | Boneyard |
| 21:37 | Unholy Strength |
| 21:52 | Spirit Tower |
| 21:54 | Nerubian Tower |
| 22:05 | Spirit Tower |
| 22:57 | Necromancer |
| 22:57 | Necromancer |
| 23:01 | Necromancer |
| 23:16 | Ziggurat |
| 24:39 | Frost Wyrm |
| 25:52 | Frost Wyrm |
| 27:09 | Frost Wyrm |
| 27:21 | Frost Wyrm |
| 27:43 | Frost Wyrm |
| 28:03 | Freezing Breath |
| 28:35 | Frost Wyrm |
| 28:57 | Frost Wyrm |
| 30:17 | Frost Wyrm |
| 30:19 | Frost Wyrm |
| 30:45 | Unholy Armor |
| 30:46 | Improved Unholy Strength |
| 32:55 | Death Coil |
| 34:48 | Frost Wyrm |
| 34:49 | Frost Wyrm |
| Right click | 1437 |
| Select | 465 |
| Chat | 119 |
| Build/train/purchase | 100 |
| Use ability | 40 |
| Misc. action | 22 |
| Esc | 1 |



| Tiny Great Hall | 1 | 600 |
| total: | 1 | 600g |
| Peon | 41 | 3075 | / | 0 |
| Troll Headhunter | 1 | 140 | / | 20 |
| Grunt | 1 | 200 | / | 0 |
| Wind Rider | 10 | 2650 | / | 400 |
| Troll Batrider | 12 | 1920 | / | 480 |
| Demolisher | 3 | 660 | / | 150 |
| Raider | 3 | 540 | / | 120 |
| Necromancer | 1 | 145 | / | 20 |
| total: | 72 | 9330g | / | 1190w |
| Watch Tower | 15 | 1650 | / | 1200 |
| Altar of Storms | 1 | 180 | / | 50 |
| Orc Burrow | 9 | 1440 | / | 360 |
| Barracks | 1 | 180 | / | 50 |
| War Mill | 1 | 205 | / | 0 |
| Voodoo Lounge | 1 | 130 | / | 30 |
| Beastiary | 2 | 290 | / | 280 |
| Stronghold | 1 | 315 | / | 190 |
| Fortress | 1 | 325 | / | 190 |
| total: | 30 | 4075g | / | 1970w |
| 0:35 | Peon |
| 0:35 | Peon |
| 0:35 | Peon |
| 0:46 | Altar of Storms |
| 0:53 | Orc Burrow |
| 1:08 | Barracks |
| 1:14 | Peon |
| 1:14 | Peon |
| 1:25 | Peon |
| 1:41 | Peon |
| 1:41 | Peon |
| 1:46 | Peon |
| 2:29 | Orc Burrow |
| 2:38 | War Mill |
| 2:47 | Orc Burrow |
| 2:54 | Pillage |
| 3:21 | Feral Spirit |
| 3:45 | Stronghold |
| 3:54 | Troll Headhunter |
| 3:56 | Grunt |
| 4:24 | Steel Armor |
| 5:11 | Orc Burrow |
| 5:14 | Orc Burrow |
| 5:16 | Spiked Barricades |
| 5:21 | Chain Lighting |
| 6:09 | Fortress |
| 6:52 | Feral Spirit |
| 7:39 | Watch Tower |
| 7:43 | Watch Tower |
| 7:50 | Thorium Armor |
| 7:57 | Healing Wave |
| 8:33 | Beastiary |
| 9:22 | Watch Tower |
| 9:44 | Peon |
| 9:44 | Peon |
| 10:03 | Beastiary |
| 10:13 | Watch Tower |
| 10:32 | War Stomp |
| 11:11 | Watch Tower |
| 11:20 | Watch Tower |
| 11:39 | Envenomed Spears |
| 11:41 | Wind Rider |
| 12:31 | Voodoo Lounge |
| 12:38 | Arcanite Armor |
| 13:47 | Troll Batrider |
| 13:50 | Liquid Fire |
| 14:22 | Troll Regeneration |
| 15:09 | Wind Rider |
| 15:09 | Troll Batrider |
| 15:52 | Orc Burrow |
| 15:57 | Orc Burrow |
| 16:09 | Orc Burrow |
| 16:15 | Orc Burrow |
| 16:21 | Wind Rider |
| 16:22 | Troll Batrider |
| 16:28 | Steel Ranged Weapons |
| 17:36 | Thorium Ranged Weapons |
| 18:09 | Wind Rider |
| 18:09 | Troll Batrider |
| 18:41 | Tiny Great Hall |
| 19:58 | Peon |
| 19:58 | Peon |
| 20:09 | Wind Rider |
| 20:10 | Troll Batrider |
| 20:32 | Peon |
| 20:33 | Peon |
| 20:50 | Watch Tower |
| 20:56 | Watch Tower |
| 21:10 | Peon |
| 21:55 | Wind Rider |
| 21:56 | Troll Batrider |
| 23:00 | Troll Batrider |
| 23:13 | Watch Tower |
| 23:17 | Watch Tower |
| 23:20 | Watch Tower |
| 23:26 | Watch Tower |
| 25:21 | Peon |
| 25:21 | Peon |
| 25:22 | Peon |
| 25:24 | Peon |
| 25:40 | Arcanite Ranged Weapons |
| 25:42 | Demolisher |
| 25:44 | Burning Oil |
| 28:04 | Wind Rider |
| 28:04 | Troll Batrider |
| 28:05 | Wind Rider |
| 28:05 | Troll Batrider |
| 28:07 | Troll Batrider |
| 28:33 | Peon |
| 28:35 | Peon |
| 28:35 | Peon |
| 29:14 | Reinforced Defenses |
| 29:21 | Demolisher |
| 29:24 | Demolisher |
| 29:37 | Watch Tower |
| 29:40 | Watch Tower |
| 29:56 | Steel Melee Weapons |
| 30:01 | War Drums Damage Increase |
| 30:08 | Raider |
| 30:12 | Ensnare |
| 32:55 | Peon |
| 32:55 | Peon |
| 33:18 | Watch Tower |
| 34:50 | Wind Rider |
| 34:51 | Troll Batrider |
| 34:54 | Thorium Melee Weapons |
| 35:54 | Wind Rider |
| 35:55 | Troll Batrider |
| 35:56 | Raider |
| 36:29 | Raider |
| 37:06 | Peon |
| 37:06 | Peon |
| 37:07 | Peon |
| 37:07 | Peon |
| 38:44 | Necromancer |
| 39:33 | Peon |
| 39:36 | Peon |
| 39:37 | Peon |
| 41:07 | Peon |
| 41:08 | Peon |
| 42:31 | Peon |
| 42:31 | Peon |
| 42:36 | Peon |
| 42:42 | Peon |
| 43:36 | Peon |
| 44:08 | Peon |
| 44:18 | Peon |
| Right click | 882 |
| Select | 474 |
| Build/train/purchase | 120 |
| Use ability | 33 |
| Misc. action | 3 |
| Remove unit | 1 |



| Healing Salve | 5 | 500 |
| Lesser Clarity Potion | 3 | 210 |
| Potion of Mana | 2 | 400 |
| Potion of Healing | 1 | 150 |
| Scroll of Town Portal | 2 | 700 |
| total: | 13 | 1960g |
| Peon | 19 | 1425 | / | 0 |
| Grunt | 5 | 1000 | / | 0 |
| Troll Headhunter | 2 | 280 | / | 40 |
| Wind Rider | 5 | 1325 | / | 200 |
| Tauren | 8 | 2240 | / | 640 |
| Troll Berserker | 7 | 980 | / | 140 |
| Shaman | 10 | 1300 | / | 200 |
| Demolisher | 4 | 880 | / | 200 |
| Frost Wyrm | 2 | 770 | / | 240 |
| total: | 62 | 10200g | / | 1660w |
| Watch Tower | 2 | 220 | / | 160 |
| Orc Burrow | 11 | 1760 | / | 440 |
| Altar of Storms | 1 | 180 | / | 50 |
| Barracks | 1 | 180 | / | 50 |
| Voodoo Lounge | 1 | 130 | / | 30 |
| War Mill | 2 | 410 | / | 0 |
| Great Hall | 2 | 770 | / | 370 |
| Beastiary | 3 | 435 | / | 420 |
| Spirit Lodge | 1 | 150 | / | 150 |
| Tauren Totem | 1 | 135 | / | 155 |
| Stronghold | 1 | 315 | / | 190 |
| Fortress | 1 | 325 | / | 190 |
| total: | 25 | 4370g | / | 1825w |
| 0:28 | Peon |
| 0:28 | Peon |
| 0:45 | Orc Burrow |
| 0:47 | Peon |
| 0:51 | Altar of Storms |
| 0:59 | Peon |
| 1:17 | Barracks |
| 1:19 | Peon |
| 1:40 | Peon |
| 1:53 | Peon |
| 2:00 | Orc Burrow |
| 2:18 | Grunt |
| 2:18 | Grunt |
| 2:25 | Voodoo Lounge |
| 2:41 | Grunt |
| 3:03 | War Mill |
| 3:05 | Wind Walk |
| 3:26 | Grunt |
| 3:54 | Orc Burrow |
| 4:07 | Healing Salve |
| 4:13 | Grunt |
| 4:44 | Critical Strike |
| 4:57 | Stronghold |
| 4:58 | Troll Headhunter |
| 5:07 | Healing Salve |
| 6:02 | Troll Headhunter |
| 6:03 | Steel Armor |
| 6:03 | Steel Melee Weapons |
| 6:04 | Steel Ranged Weapons |
| 6:12 | Wind Walk |
| 7:15 | Great Hall |
| 7:19 | Berserker Strength |
| 7:25 | Orc Burrow |
| 7:37 | Healing Salve |
| 7:44 | Healing Salve |
| 8:19 | Endurance Aura |
| 8:28 | Beastiary |
| 8:54 | Beastiary |
| 8:55 | Beastiary |
| 9:56 | Peon |
| 9:56 | Peon |
| 10:01 | Wind Rider |
| 10:08 | Wind Rider |
| 10:27 | Critical Strike |
| 11:03 | Scroll of Town Portal |
| 11:03 | Lesser Clarity Potion |
| 11:03 | Healing Salve |
| 11:20 | Spirit Lodge |
| 11:22 | Peon |
| 11:26 | Peon |
| 12:14 | Fortress |
| 12:35 | War Stomp |
| 13:04 | Tauren Totem |
| 13:06 | Shaman Adept Training |
| 13:10 | Orc Burrow |
| 13:11 | Orc Burrow |
| 13:12 | Orc Burrow |
| 13:15 | Orc Burrow |
| 14:19 | Endurance Aura |
| 14:38 | Orc Burrow |
| 14:43 | Orc Burrow |
| 14:50 | Orc Burrow |
| 14:53 | War Mill |
| 15:01 | Shaman Master Training |
| 15:04 | Tauren |
| 15:07 | Berserker Upgrade |
| 15:47 | Wind Rider |
| 15:49 | Tauren |
| 15:52 | Troll Berserker |
| 15:54 | Troll Berserker |
| 16:04 | Healing Wave |
| 16:49 | Shaman |
| 16:49 | Shaman |
| 16:49 | Shaman |
| 16:50 | Shaman |
| 16:54 | Tauren |
| 17:05 | Troll Regeneration |
| 17:09 | Wind Walk |
| 17:39 | Potion of Mana |
| 17:40 | Lesser Clarity Potion |
| 18:15 | Troll Berserker |
| 18:16 | Troll Berserker |
| 18:41 | Shaman |
| 19:35 | Troll Berserker |
| 19:38 | Thorium Armor |
| 20:30 | Envenomed Spears |
| 21:59 | Tauren |
| 22:00 | Shaman |
| 22:58 | Hex |
| 23:08 | Tauren |
| 23:13 | Arcanite Armor |
| 25:31 | Wind Rider |
| 25:47 | Demolisher |
| 26:00 | Peon |
| 27:18 | War Stomp |
| 28:40 | Wind Rider |
| 28:48 | Thorium Melee Weapons |
| 28:49 | Thorium Ranged Weapons |
| 30:18 | Great Hall |
| 30:36 | Peon |
| 30:37 | Peon |
| 30:37 | Peon |
| 32:58 | Tauren |
| 33:13 | Demolisher |
| 33:13 | Burning Oil |
| 35:34 | Tauren |
| 35:34 | Tauren |
| 36:12 | Shaman |
| 36:12 | Shaman |
| 36:14 | Troll Berserker |
| 36:14 | Troll Berserker |
| 36:17 | Demolisher |
| 36:38 | Watch Tower |
| 36:46 | Watch Tower |
| 37:23 | Frost Wyrm |
| 37:49 | Peon |
| 37:49 | Peon |
| 38:00 | Potion of Mana |
| 39:10 | Peon |
| 39:10 | Peon |
| 39:15 | Sleep |
| 40:46 | Demolisher |
| 40:48 | Shaman |
| 40:48 | Shaman |
| 42:21 | Frost Wyrm |
| 42:37 | Lesser Clarity Potion |
| 42:39 | Scroll of Town Portal |
| 42:40 | Potion of Healing |
| Right click | 2186 |
| Select | 1012 |
| Select group | 872 |
| Build/train/purchase | 187 |
| Assign group | 70 |
| Use ability | 63 |
| Misc. action | 29 |
| Minimap ping | 8 |
| Remove unit | 5 |
| Chat | 4 |
⇛